Canucks vs Sharks

Created - October 24 2007 at 18:55

Goals
1 2 3 T
Canucks 1 2 0 3
Sharks 1 3 1 5
Shots
1 2 3 T
Canucks 7 5 6 18
Sharks 10 12 9 31

Period #1

1. Sharks , Joe Thornton 3 (Martin Havlat) at 0:08
2. Canucks , Stephen Weiss 3 (Steven Reinprecht, Ryan Whitney) at 12:05

Penalities :
Sergei Fedorov (VAN) for Hooking (Minor) at 6:58, Tomas Plekanec (SJS) for Hooking (Minor) at 15:17

Period #2

3. Sharks , Steve Bernier 2 (Tomas Plekanec, Marc-Edouard Vlasic) at 5:56
4. Sharks , Markus Naslund 2 (Pavel Datsyuk, Kyle Mclaren) at 10:04
5. Canucks , Pierre-Marc Bouchard 4 (Steven Reinprecht, Ryan Whitney) at 15:37
6. Canucks , Alexei Kovalev 3 (Ed Jovanovski, Robert Lang) at 16:58 (PP)
7. Sharks , Teppo Numminen 2 (Martin Havlat, Jonathan Cheechoo) at 19:00

Penalities :
Ed Jovanovski (VAN) for Hooking (Minor) at 0:38, Steven Reinprecht (VAN) for Holding (Minor) at 6:06, Ron Hainsey (VAN) for Hooking (Minor) at 10:56, Pierre-Marc Bouchard (VAN) for Slashing (Minor) at 13:09, Sheldon Souray (SJS) for Elbowing (Minor) at 16:04

Period #3

8. Sharks , Jonathan Cheechoo 4 (Teppo Numminen, Joe Thornton) at 18:35

Penalities :
Kevin Bieksa (VAN) for High sticking (Minor) at 0:57, Anders Eriksson (VAN) for Tripping (Minor) at 2:40, Pavel Datsyuk (SJS) for Slashing (Minor) at 7:28, Corey Perry (SJS) for Fighting (Major) at 13:32, Ryan Whitney (VAN) for Fighting (Major) at 13:32, Steve Bernier (SJS) for Roughing (Minor) at 13:34, Ville Peltonen (SJS) for Roughing (Minor) at 13:43, Dustin Brown (VAN) for Hooking (Minor) at 19:39

Goalie Stats

David Aebischer (VAN), 0 saves from 0 shots - (0.000), 1:25 minutes
Evgeni Nabokov (VAN), 26 saves from 31 shots - (0.839), L, 5-8-0, 58:35 minutes
Rick Dipietro (SJS), 15 saves from 18 shots - (0.833), W, 6-2-1, 60:00 minutes

Players Stats

Canucks
Player Name              G  A  P  +/- PIM S  H  SB FO MP 
-----------------------------------------------------------
Alexei Kovalev           1  0  1  -3  0   6  3  0  2  18 
Anders Eriksson          0  0  0   0  2   0  1  1  0  20 
Brad Richardson          0  0  0  -2  0   0  0  0  3  13 
Dustin Brown             0  0  0   0  2   1  5  0  1  23 
Ed Jovanovski            0  1  1   0  2   3  0  0  0  15 
Joe Pavelski             0  0  0   0  0   1  4  1  17 16 
Jon Sim                  0  0  0  -1  0   1  0  0  1  11 
Kevin Bieksa             0  0  0  -1  2   0  3  3  0  21 
Lukas Krajicek           0  0  0  -2  0   0  0  0  0  12 
Nikolai Zherdev          0  0  0   0  0   1  1  0  1  15 
Pierre-Marc Bouchard     1  0  1   0  2   1  0  0  1  17 
Radek Bonk               0  0  0  -2  0   0  1  0  12 13 
Robert Lang              0  1  1  -1  0   1  0  1  19 16 
Ron Hainsey              0  0  0   0  2   1  1  0  0  21 
Ryan Whitney             0  2  2   0  5   0  1  1  0  19 
Sergei Fedorov           0  0  0  -3  2   1  0  1  0  17 
Stephen Weiss            1  0  1   0  0   1  1  0  24 20 
Steven Reinprecht        0  2  2   0  2   0  2  0  2  14 
Sharks
Player Name              G  A  P  +/- PIM S  H  SB FO MP 
-----------------------------------------------------------
Barret Jackman           0  0  0   3  0   1  1  1  0  23 
Colby Armstrong          0  0  0   0  0   2  0  0  1  10 
Corey Perry              0  0  0   0  5   1  0  0  0  11 
Joe Thornton             1  1  2   3  0   2  1  0  19 22 
Jonathan Cheechoo        1  1  2   3  0   3  3  0  2  20 
Kyle Mclaren             0  1  1   0  0   0  1  2  0  17 
Marc-Edouard Vlasic      0  1  1   0  0   0  1  0  0  17 
Mark Streit              0  0  0   1  0   0  0  0  0  21 
Markus Naslund           1  0  1   0  0   5  1  0  1  19 
Martin Havlat            0  2  2   3  0   1  0  0  0  19 
Milan Michalek           0  0  0   0  0   5  2  0  1  18 
Nik Antropov             0  0  0   0  0   0  0  0  6  8  
Pavel Datsyuk            0  1  1   0  2   6  1  1  31 21 
Sheldon Souray           0  0  0  -1  2   0  1  1  0  23 
Steve Bernier            1  0  1   0  2   1  0  0  1  12 
Teppo Numminen           1  1  2   3  0   1  2  0  0  25 
Tomas Plekanec           0  1  1   0  2   3  1  0  20 15 
Ville Peltonen           0  0  0   0  2   0  3  0  1  9  

3 Stars

1 - Jonathan Cheechoo (SJS)
2 - Teppo Numminen (SJS)
3 - Joe Thornton (SJS)

Power Play

Canucks - 1 on 5 Attempt(s) - 20.00%
Sharks - 0 on 8 Attempt(s) - 0.00%

Penalty Kill

Canucks - 8 on 8 Attempt(s) - 100.00% - Score 0 goal in Penalty Kill
Sharks - 4 on 5 Attempt(s) - 80.00% - Score 0 goal in Penalty Kill

Game Notes

Ryan Whitney beats up Corey Perry at 13:32 of 3rd period
David Aebischer enters game at 18:35 of 3rd period

Finance

Level 1 -- Attendance: 3222 (58.59%) -- Ticket Income $322,200.00
Level 2 -- Attendance: 2702 (60.03%) -- Ticket Income $162,120.00
Level 3 -- Attendance: 1640 (81.98%) -- Ticket Income $57,400.00
Level 4 -- Attendance: 3537 (78.89%) -- Ticket Income $70,740.00
Luxury Box -- Attendance: 800 (80.04%) -- Ticket Income $160,000.00
Game was played at the HP Pavilion
Total Attendance: 11901 (68.07%)
Total Ticket Income: $818,546.50
Other Income: $171,156.30
Total Income: $989,702.00


Play by Play

Period #1

0:01 of 1st period - Joe Thornton wins face-off versus Stephen Weiss in neutral zone.
0:01 of 1st period - Martin Havlat is hit by Steven Reinprecht and loses puck.
0:08 of 1st period - Shot by Joe Thornton.
0:08 of 1st period - Goal by Joe Thornton - Canucks : 0 - Sharks : 1.
0:09 of 1st period - Robert Lang wins face-off versus Pavel Datsyuk in neutral zone.
0:18 of 1st period - Shot by Jon Sim.
0:18 of 1st period - Stopped by Rick Dipietro without a rebound.
0:19 of 1st period - Joe Thornton wins face-off versus Stephen Weiss in Sharks zone.
0:58 of 1st period - Shot by Jonathan Cheechoo.
0:58 of 1st period - Shot Misses the Net.
1:21 of 1st period - Kevin Bieksa is hit by Milan Michalek and loses puck.
1:28 of 1st period - Kyle Mclaren is hit by Alexei Kovalev and loses puck.
1:37 of 1st period - Shot by Jon Sim.
1:37 of 1st period - Deflect By Robert Lang.
1:37 of 1st period - Shot Blocked by Kyle Mclaren.
1:41 of 1st period - Shot by Jon Sim.
1:41 of 1st period - Deflect By Alexei Kovalev.
1:41 of 1st period - Stopped by Rick Dipietro without a rebound.
1:42 of 1st period - Joe Pavelski wins face-off versus Tomas Plekanec in Sharks zone.
2:46 of 1st period - Icing by Anders Eriksson.
2:47 of 1st period - Joe Thornton wins face-off versus Joe Pavelski in Canucks zone.
3:36 of 1st period - Shot by Markus Naslund.
3:36 of 1st period - Shot Misses the Net.
3:40 of 1st period - Shot by Pavel Datsyuk.
3:40 of 1st period - Deflect By Markus Naslund.
3:40 of 1st period - Stopped by Evgeni Nabokov with a rebound.
3:42 of 1st period - Shot by Pavel Datsyuk.
3:42 of 1st period - Stopped by Evgeni Nabokov with a rebound.
3:48 of 1st period - Shot by Markus Naslund.
3:48 of 1st period - Stopped by Evgeni Nabokov with a rebound.
3:50 of 1st period - Shot by Sheldon Souray.
3:50 of 1st period - Shot Blocked by Ryan Whitney.
3:52 of 1st period - Shot by Markus Naslund.
3:52 of 1st period - Shot Misses the Net.
3:54 of 1st period - Shot by Pavel Datsyuk.
3:54 of 1st period - Stopped by Evgeni Nabokov without a rebound.
3:55 of 1st period - Colby Armstrong wins face-off versus Robert Lang in Canucks zone.
4:08 of 1st period - Shot by Nik Antropov.
4:08 of 1st period - Shot Misses the Net.
5:15 of 1st period - Icing by Barret Jackman.
5:16 of 1st period - Joe Thornton wins face-off versus Stephen Weiss in Sharks zone.
5:37 of 1st period - Icing by Jonathan Cheechoo.
5:38 of 1st period - Joe Pavelski wins face-off versus Joe Thornton in Sharks zone.
5:38 of 1st period - Nikolai Zherdev is hit by Joe Thornton and loses puck.
6:15 of 1st period - Off-side.
6:16 of 1st period - Alexei Kovalev wins face-off versus Pavel Datsyuk in neutral zone.
6:20 of 1st period - Robert Lang is hit by Pavel Datsyuk and loses puck.
6:58 of 1st period - Minor Penalty to Sergei Fedorov for Hooking.
6:59 of 1st period - Radek Bonk wins face-off versus Pavel Datsyuk in Canucks zone.
7:14 of 1st period - Shot by Milan Michalek.
7:14 of 1st period - Stopped by Evgeni Nabokov without a rebound.
7:15 of 1st period - Joe Thornton wins face-off versus Stephen Weiss in Canucks zone.
7:22 of 1st period - Shot by Markus Naslund.
7:22 of 1st period - Shot Misses the Net.
7:31 of 1st period - Joe Thornton is hit by Stephen Weiss and loses puck.
7:45 of 1st period - Shot by Jonathan Cheechoo.
7:45 of 1st period - Shot Misses the Net.
7:47 of 1st period - Shot by Jonathan Cheechoo.
7:47 of 1st period - Shot Misses the Net.
7:49 of 1st period - Shot by Joe Thornton.
7:49 of 1st period - Stopped by Evgeni Nabokov without a rebound.
7:50 of 1st period - Pavel Datsyuk wins face-off versus Radek Bonk in Canucks zone.
8:15 of 1st period - Shot by Milan Michalek.
8:15 of 1st period - Stopped by Evgeni Nabokov without a rebound.
8:16 of 1st period - Stephen Weiss wins face-off versus Jonathan Cheechoo in Canucks zone.
9:59 of 1st period - Marc-Edouard Vlasic is hit by Alexei Kovalev and loses puck.
11:02 of 1st period - Shot by Colby Armstrong.
11:02 of 1st period - Stopped by Evgeni Nabokov without a rebound.
11:03 of 1st period - Radek Bonk wins face-off versus Pavel Datsyuk in Canucks zone.
11:05 of 1st period - Icing by Alexei Kovalev.
11:06 of 1st period - Radek Bonk wins face-off versus Pavel Datsyuk in Canucks zone.
11:22 of 1st period - Icing by Kyle Mclaren.
11:23 of 1st period - Pavel Datsyuk wins face-off versus Steven Reinprecht in Sharks zone.
11:25 of 1st period - Icing by Sheldon Souray.
11:26 of 1st period - Pavel Datsyuk wins face-off versus Stephen Weiss in Sharks zone.
11:59 of 1st period - Shot by Steven Reinprecht.
11:59 of 1st period - Shot Misses the Net.
12:01 of 1st period - Shot by Stephen Weiss.
12:01 of 1st period - Shot Misses the Net.
12:03 of 1st period - Shot by Stephen Weiss.
12:03 of 1st period - Shot Misses the Net.
12:05 of 1st period - Shot by Stephen Weiss.
12:05 of 1st period - Goal by Stephen Weiss - Canucks : 1 - Sharks : 1.
12:06 of 1st period - Nikolai Zherdev wins face-off versus Joe Thornton in neutral zone.
12:17 of 1st period - Martin Havlat is hit by Dustin Brown and loses puck.
12:37 of 1st period - Jonathan Cheechoo is hit by Ron Hainsey and loses puck.
12:40 of 1st period - Shot by Jonathan Cheechoo.
12:40 of 1st period - Shot Blocked by Anders Eriksson.
12:42 of 1st period - Shot by Barret Jackman.
12:42 of 1st period - Stopped by Evgeni Nabokov without a rebound.
12:43 of 1st period - Nik Antropov wins face-off versus Alexei Kovalev in Canucks zone.
13:14 of 1st period - Shot by Ville Peltonen.
13:14 of 1st period - Shot Misses the Net.
13:33 of 1st period - Icing by Sergei Fedorov.
13:34 of 1st period - Robert Lang wins face-off versus Pavel Datsyuk in Canucks zone.
14:34 of 1st period - Icing by Kyle Mclaren.
14:35 of 1st period - Pavel Datsyuk wins face-off versus Joe Pavelski in Sharks zone.
14:48 of 1st period - Shot by Nikolai Zherdev.
14:48 of 1st period - Shot Misses the Net.
14:50 of 1st period - Shot by Nikolai Zherdev.
14:50 of 1st period - Stopped by Rick Dipietro with a rebound.
14:55 of 1st period - Shot by Ron Hainsey.
14:55 of 1st period - Stopped by Rick Dipietro without a rebound.
14:56 of 1st period - Joe Thornton wins face-off versus Radek Bonk in Sharks zone.
15:08 of 1st period - Icing by Lukas Krajicek.
15:09 of 1st period - Tomas Plekanec wins face-off versus Radek Bonk in Canucks zone.
15:13 of 1st period - Tomas Plekanec is hit by Radek Bonk and loses puck.
15:17 of 1st period - Minor Penalty to Tomas Plekanec for Hooking.
15:18 of 1st period - Robert Lang wins face-off versus Joe Thornton in Canucks zone.
15:49 of 1st period - Shot by Ed Jovanovski.
15:49 of 1st period - Stopped by Rick Dipietro with a rebound.
15:51 of 1st period - Shot by Dustin Brown.
15:51 of 1st period - Stopped by Rick Dipietro with a rebound.
16:09 of 1st period - Kyle Mclaren is hit by Dustin Brown and loses puck.
16:45 of 1st period - Shot by Sergei Fedorov.
16:45 of 1st period - Shot Blocked by Barret Jackman.
18:58 of 1st period - Icing by Sergei Fedorov.
18:59 of 1st period - Robert Lang wins face-off versus Pavel Datsyuk in Canucks zone.
19:29 of 1st period - Icing by Pierre-Marc Bouchard.
19:30 of 1st period - Tomas Plekanec wins face-off versus Robert Lang in Canucks zone.
19:48 of 1st period - Tomas Plekanec is hit by Joe Pavelski and loses puck.

Period #2

0:01 of 2nd period - Joe Thornton wins face-off versus Stephen Weiss in neutral zone.
0:38 of 2nd period - Minor Penalty to Ed Jovanovski for Hooking.
0:39 of 2nd period - Radek Bonk wins face-off versus Joe Thornton in Sharks zone.
1:08 of 2nd period - Shot by Jonathan Cheechoo.
1:08 of 2nd period - Shot Misses the Net.
1:10 of 2nd period - Shot by Joe Thornton.
1:10 of 2nd period - Shot Misses the Net.
1:53 of 2nd period - Icing by Martin Havlat.
1:54 of 2nd period - Stephen Weiss wins face-off versus Pavel Datsyuk in Sharks zone.
1:54 of 2nd period - Stephen Weiss is hit by Teppo Numminen.
2:54 of 2nd period - Shot by Steve Bernier.
2:54 of 2nd period - Shot Misses the Net.
3:02 of 2nd period - Shot by Tomas Plekanec.
3:02 of 2nd period - Deflect By Corey Perry.
3:02 of 2nd period - Stopped by Evgeni Nabokov with a rebound.
3:31 of 2nd period - Off-side.
3:32 of 2nd period - Pavel Datsyuk wins face-off versus Stephen Weiss in neutral zone.
3:45 of 2nd period - Shot by Markus Naslund.
3:45 of 2nd period - Shot Misses the Net.
3:49 of 2nd period - Shot by Markus Naslund.
3:49 of 2nd period - Deflect By Pavel Datsyuk.
3:49 of 2nd period - Shot Misses the Net.
3:53 of 2nd period - Shot by Milan Michalek.
3:53 of 2nd period - Stopped by Evgeni Nabokov without a rebound.
3:54 of 2nd period - Joe Thornton wins face-off versus Joe Pavelski in Canucks zone.
4:53 of 2nd period - Shot by Markus Naslund.
4:53 of 2nd period - Shot Blocked by Joe Pavelski.
4:57 of 2nd period - Shot by Milan Michalek.
4:57 of 2nd period - Shot Misses the Net.
5:26 of 2nd period - Off-side.
5:27 of 2nd period - Robert Lang wins face-off versus Tomas Plekanec in neutral zone.
5:42 of 2nd period - Shot by Corey Perry.
5:42 of 2nd period - Shot Blocked by Robert Lang.
5:54 of 2nd period - Shot by Tomas Plekanec.
5:54 of 2nd period - Shot Misses the Net.
5:56 of 2nd period - Shot by Steve Bernier.
5:56 of 2nd period - Goal by Steve Bernier - Canucks : 1 - Sharks : 2.
5:57 of 2nd period - Stephen Weiss wins face-off versus Jonathan Cheechoo in neutral zone.
5:57 of 2nd period - Pierre-Marc Bouchard is hit by Jonathan Cheechoo and loses puck.
6:04 of 2nd period - Stephen Weiss is hit by Jonathan Cheechoo and loses puck.
6:06 of 2nd period - Minor Penalty to Steven Reinprecht for Holding.
6:07 of 2nd period - Pavel Datsyuk wins face-off versus Stephen Weiss in Canucks zone.
6:08 of 2nd period - Shot by Milan Michalek.
6:08 of 2nd period - Deflect By Martin Havlat.
6:08 of 2nd period - Stopped by Evgeni Nabokov with a rebound.
6:12 of 2nd period - Shot by Milan Michalek.
6:12 of 2nd period - Deflect By Pavel Datsyuk.
6:12 of 2nd period - Stopped by Evgeni Nabokov without a rebound.
6:13 of 2nd period - Pavel Datsyuk wins face-off versus Stephen Weiss in Canucks zone.
6:22 of 2nd period - Shot by Pavel Datsyuk.
6:22 of 2nd period - Shot Blocked by Kevin Bieksa.
6:24 of 2nd period - Shot by Pavel Datsyuk.
6:24 of 2nd period - Shot Blocked by Kevin Bieksa.
6:40 of 2nd period - Shot by Milan Michalek.
6:40 of 2nd period - Shot Misses the Net.
6:42 of 2nd period - Shot by Pavel Datsyuk.
6:42 of 2nd period - Stopped by Evgeni Nabokov without a rebound.
6:43 of 2nd period - Brad Richardson wins face-off versus Joe Thornton in Canucks zone.
6:43 of 2nd period - Brad Richardson is hit by Sheldon Souray.
7:20 of 2nd period - Shot by Jonathan Cheechoo.
7:20 of 2nd period - Stopped by Evgeni Nabokov without a rebound.
7:21 of 2nd period - Pavel Datsyuk wins face-off versus Stephen Weiss in Canucks zone.
9:14 of 2nd period - Shot by Robert Lang.
9:14 of 2nd period - Deflect By Alexei Kovalev.
9:14 of 2nd period - Shot Misses the Net.
9:32 of 2nd period - Shot by Jon Sim.
9:32 of 2nd period - Shot Misses the Net.
9:34 of 2nd period - Shot by Robert Lang.
9:34 of 2nd period - Stopped by Rick Dipietro without a rebound.
9:35 of 2nd period - Joe Pavelski wins face-off versus Nik Antropov in Sharks zone.
9:50 of 2nd period - Shot by Colby Armstrong.
9:50 of 2nd period - Stopped by Evgeni Nabokov without a rebound.
9:51 of 2nd period - Radek Bonk wins face-off versus Pavel Datsyuk in Canucks zone.
10:04 of 2nd period - Shot by Pavel Datsyuk.
10:04 of 2nd period - Deflect By Markus Naslund.
10:04 of 2nd period - Goal by Markus Naslund - Canucks : 1 - Sharks : 3.
10:05 of 2nd period - Nik Antropov wins face-off versus Joe Pavelski in neutral zone.
10:11 of 2nd period - Colby Armstrong is hit by Nikolai Zherdev and loses puck.
10:36 of 2nd period - Shot by Dustin Brown.
10:36 of 2nd period - Shot Misses the Net.
10:53 of 2nd period - Icing by Anders Eriksson.
10:54 of 2nd period - Joe Thornton wins face-off versus Joe Pavelski in Canucks zone.
10:56 of 2nd period - Minor Penalty to Ron Hainsey for Hooking.
10:57 of 2nd period - Stephen Weiss wins face-off versus Pavel Datsyuk in Canucks zone.
11:16 of 2nd period - Shot by Martin Havlat.
11:16 of 2nd period - Shot Blocked by Kevin Bieksa.
12:26 of 2nd period - Shot by Mark Streit.
12:26 of 2nd period - Shot Misses the Net.
12:30 of 2nd period - Shot by Markus Naslund.
12:30 of 2nd period - Stopped by Evgeni Nabokov without a rebound.
12:31 of 2nd period - Joe Thornton wins face-off versus Radek Bonk in Canucks zone.
13:00 of 2nd period - Shot by Corey Perry.
13:00 of 2nd period - Shot Misses the Net.
13:08 of 2nd period - Shot by Alexei Kovalev.
13:08 of 2nd period - Stopped by Rick Dipietro without a rebound.
13:09 of 2nd period - Ville Peltonen wins face-off versus Stephen Weiss in Sharks zone.
13:09 of 2nd period - Minor Penalty to Pierre-Marc Bouchard for Slashing.
13:10 of 2nd period - Milan Michalek wins face-off versus Stephen Weiss in Sharks zone.
15:23 of 2nd period - Off-side.
15:24 of 2nd period - Stephen Weiss wins face-off versus Tomas Plekanec in neutral zone.
15:33 of 2nd period - Shot by Steven Reinprecht.
15:33 of 2nd period - Shot Misses the Net.
15:37 of 2nd period - Shot by Pierre-Marc Bouchard.
15:37 of 2nd period - Goal by Pierre-Marc Bouchard - Canucks : 2 - Sharks : 3.
15:38 of 2nd period - Robert Lang wins face-off versus Nik Antropov in neutral zone.
15:38 of 2nd period - Robert Lang is hit by Ville Peltonen.
16:03 of 2nd period - Jon Sim is hit by Ville Peltonen and loses puck.
16:04 of 2nd period - Minor Penalty to Sheldon Souray for Elbowing.
16:05 of 2nd period - Tomas Plekanec wins face-off versus Joe Pavelski in Sharks zone.
16:13 of 2nd period - Icing by Sergei Fedorov.
16:14 of 2nd period - Tomas Plekanec wins face-off versus Joe Pavelski in Canucks zone.
16:15 of 2nd period - Shot by Ville Peltonen.
16:15 of 2nd period - Shot Blocked by Sergei Fedorov.
16:27 of 2nd period - Shot by Sergei Fedorov.
16:27 of 2nd period - Stopped by Rick Dipietro without a rebound.
16:28 of 2nd period - Pavel Datsyuk wins face-off versus Robert Lang in Sharks zone.
16:34 of 2nd period - Icing by Dustin Brown.
16:35 of 2nd period - Tomas Plekanec wins face-off versus Robert Lang in Canucks zone.
16:58 of 2nd period - Shot by Alexei Kovalev.
16:58 of 2nd period - Goal by Alexei Kovalev - Canucks : 3 - Sharks : 3.
16:59 of 2nd period - Joe Pavelski wins face-off versus Pavel Datsyuk in neutral zone.
17:26 of 2nd period - Shot by Joe Pavelski.
17:26 of 2nd period - Shot Blocked by Sheldon Souray.
17:38 of 2nd period - Shot by Joe Pavelski.
17:38 of 2nd period - Shot Misses the Net.
18:58 of 2nd period - Shot by Martin Havlat.
18:58 of 2nd period - Shot Misses the Net.
19:00 of 2nd period - Shot by Teppo Numminen.
19:00 of 2nd period - Goal by Teppo Numminen - Canucks : 3 - Sharks : 4.
19:01 of 2nd period - Tomas Plekanec wins face-off versus Joe Pavelski in neutral zone.
19:01 of 2nd period - Tomas Plekanec is hit by Dustin Brown.
19:12 of 2nd period - Icing by Ron Hainsey.
19:13 of 2nd period - Tomas Plekanec wins face-off versus Joe Pavelski in Canucks zone.
19:13 of 2nd period - Tomas Plekanec is hit by Joe Pavelski.
19:31 of 2nd period - Tomas Plekanec is hit by Dustin Brown and loses puck.
19:37 of 2nd period - Steve Bernier is hit by Dustin Brown and loses puck.
19:44 of 2nd period - Shot by Tomas Plekanec.
19:44 of 2nd period - Stopped by Evgeni Nabokov with a rebound.

Period #3

0:01 of 3rd period - Stephen Weiss wins face-off versus Joe Thornton in neutral zone.
0:11 of 3rd period - Stephen Weiss is hit by Barret Jackman and loses puck.
0:53 of 3rd period - Jonathan Cheechoo is hit by Kevin Bieksa and loses puck.
0:57 of 3rd period - Minor Penalty to Kevin Bieksa for High sticking.
0:58 of 3rd period - Pavel Datsyuk wins face-off versus Brad Richardson in Canucks zone.
1:05 of 3rd period - Shot by Markus Naslund.
1:05 of 3rd period - Stopped by Evgeni Nabokov without a rebound.
1:06 of 3rd period - Joe Thornton wins face-off versus Radek Bonk in Canucks zone.
1:23 of 3rd period - Shot by Jonathan Cheechoo.
1:23 of 3rd period - Stopped by Evgeni Nabokov without a rebound.
1:24 of 3rd period - Stephen Weiss wins face-off versus Pavel Datsyuk in Canucks zone.
1:32 of 3rd period - Icing by Pavel Datsyuk.
1:33 of 3rd period - Pavel Datsyuk wins face-off versus Stephen Weiss in Sharks zone.
2:40 of 3rd period - Minor Penalty to Anders Eriksson for Tripping.
2:41 of 3rd period - Robert Lang wins face-off versus Pavel Datsyuk in neutral zone.
2:50 of 3rd period - Shot by Teppo Numminen.
2:50 of 3rd period - Deflect By Pavel Datsyuk.
2:50 of 3rd period - Stopped by Evgeni Nabokov without a rebound.
2:51 of 3rd period - Robert Lang wins face-off versus Pavel Datsyuk in Canucks zone.
2:51 of 3rd period - Robert Lang is hit by Markus Naslund.
3:03 of 3rd period - Shot by Pavel Datsyuk.
3:03 of 3rd period - Stopped by Evgeni Nabokov without a rebound.
3:04 of 3rd period - Pavel Datsyuk wins face-off versus Brad Richardson in Canucks zone.
3:11 of 3rd period - Shot by Markus Naslund.
3:11 of 3rd period - Shot Misses the Net.
4:42 of 3rd period - Shot by Tomas Plekanec.
4:42 of 3rd period - Stopped by Evgeni Nabokov without a rebound.
4:43 of 3rd period - Robert Lang wins face-off versus Tomas Plekanec in Canucks zone.
5:11 of 3rd period - Alexei Kovalev is hit by Marc-Edouard Vlasic and loses puck.
5:34 of 3rd period - Icing by Sergei Fedorov.
5:35 of 3rd period - Robert Lang wins face-off versus Nik Antropov in Canucks zone.
5:35 of 3rd period - Robert Lang is hit by Ville Peltonen.
6:28 of 3rd period - Pierre-Marc Bouchard is hit by Jonathan Cheechoo and loses puck.
7:28 of 3rd period - Minor Penalty to Pavel Datsyuk for Slashing.
7:29 of 3rd period - Robert Lang wins face-off versus Tomas Plekanec in neutral zone.
7:56 of 3rd period - Shot by Pierre-Marc Bouchard.
7:56 of 3rd period - Shot Misses the Net.
7:58 of 3rd period - Shot by Kevin Bieksa.
7:58 of 3rd period - Shot Blocked by Kyle Mclaren.
8:23 of 3rd period - Icing by Sergei Fedorov.
8:24 of 3rd period - Tomas Plekanec wins face-off versus Stephen Weiss in Canucks zone.
9:25 of 3rd period - Shot by Sergei Fedorov.
9:25 of 3rd period - Shot Misses the Net.
9:29 of 3rd period - Shot by Alexei Kovalev.
9:29 of 3rd period - Shot Blocked by Pavel Datsyuk.
9:33 of 3rd period - Shot by Radek Bonk.
9:33 of 3rd period - Shot Misses the Net.
9:35 of 3rd period - Shot by Brad Richardson.
9:35 of 3rd period - Shot Misses the Net.
9:39 of 3rd period - Shot by Alexei Kovalev.
9:39 of 3rd period - Deflect By Radek Bonk.
9:39 of 3rd period - Shot Misses the Net.
9:48 of 3rd period - Icing by Mark Streit.
9:49 of 3rd period - Pavel Datsyuk wins face-off versus Pierre-Marc Bouchard in Sharks zone.
9:58 of 3rd period - Shot by Milan Michalek.
9:58 of 3rd period - Stopped by Evgeni Nabokov without a rebound.
9:59 of 3rd period - Joe Pavelski wins face-off versus Tomas Plekanec in Canucks zone.
10:48 of 3rd period - Nikolai Zherdev is hit by Milan Michalek and loses puck.
10:59 of 3rd period - Shot by Milan Michalek.
10:59 of 3rd period - Stopped by Evgeni Nabokov without a rebound.
11:00 of 3rd period - Robert Lang wins face-off versus Joe Thornton in Canucks zone.
11:00 of 3rd period - Robert Lang is hit by Teppo Numminen.
11:15 of 3rd period - Icing by Sergei Fedorov.
11:16 of 3rd period - Pavel Datsyuk wins face-off versus Jon Sim in Canucks zone.
11:16 of 3rd period - Pavel Datsyuk is hit by Kevin Bieksa.
11:26 of 3rd period - Shot by Robert Lang.
11:26 of 3rd period - Shot Misses the Net.
11:28 of 3rd period - Shot by Robert Lang.
11:28 of 3rd period - Deflect By Alexei Kovalev.
11:28 of 3rd period - Stopped by Rick Dipietro without a rebound.
11:29 of 3rd period - Joe Thornton wins face-off versus Stephen Weiss in Sharks zone.
12:02 of 3rd period - Teppo Numminen is hit by Ryan Whitney and loses puck.
12:33 of 3rd period - Joe Thornton is hit by Alexei Kovalev and loses puck.
12:54 of 3rd period - Shot by Alexei Kovalev.
12:54 of 3rd period - Stopped by Rick Dipietro with a rebound.
12:57 of 3rd period - Icing by Sheldon Souray.
12:58 of 3rd period - Markus Naslund wins face-off versus Dustin Brown in Sharks zone.
12:58 of 3rd period - Markus Naslund is hit by Joe Pavelski.
13:13 of 3rd period - Pavel Datsyuk is hit by Joe Pavelski and loses puck.
13:20 of 3rd period - Shot by Dustin Brown.
13:20 of 3rd period - Shot Misses the Net.
13:22 of 3rd period - Shot by Joe Pavelski.
13:22 of 3rd period - Stopped by Rick Dipietro without a rebound.
13:23 of 3rd period - Steve Bernier wins face-off versus Radek Bonk in Sharks zone.
13:25 of 3rd period - Icing by Mark Streit.
13:26 of 3rd period - Radek Bonk wins face-off versus Tomas Plekanec in Sharks zone.
13:32 of 3rd period - Ryan Whitney beats up Corey Perry.
13:32 of 3rd period - Penalty to Corey Perry for Fighting.
13:32 of 3rd period - Penalty to Ryan Whitney for Fighting.
13:33 of 3rd period - Robert Lang wins face-off versus Tomas Plekanec in Sharks zone.
13:33 of 3rd period - Robert Lang is hit by Tomas Plekanec.
13:34 of 3rd period - Minor Penalty to Steve Bernier for Roughing.
13:35 of 3rd period - Robert Lang wins face-off versus Tomas Plekanec in Sharks zone.
13:36 of 3rd period - Shot by Ed Jovanovski.
13:36 of 3rd period - Stopped by Rick Dipietro with a rebound.
13:40 of 3rd period - Shot by Alexei Kovalev.
13:40 of 3rd period - Stopped by Rick Dipietro with a rebound.
13:43 of 3rd period - Minor Penalty to Ville Peltonen for Roughing.
13:44 of 3rd period - Tomas Plekanec wins face-off versus Joe Pavelski in Sharks zone.
13:44 of 3rd period - Tomas Plekanec is hit by Kevin Bieksa.
14:05 of 3rd period - Icing by Steven Reinprecht.
14:06 of 3rd period - Steven Reinprecht wins face-off versus Tomas Plekanec in Canucks zone.
14:47 of 3rd period - Shot by Ed Jovanovski.
14:47 of 3rd period - Shot Hit the Post.
14:49 of 3rd period - Shot by Ed Jovanovski.
14:49 of 3rd period - Stopped by Rick Dipietro without a rebound.
14:50 of 3rd period - Pavel Datsyuk wins face-off versus Robert Lang in Sharks zone.
17:10 of 3rd period - Off-side.
17:11 of 3rd period - Stephen Weiss wins face-off versus Tomas Plekanec in neutral zone.
17:37 of 3rd period - Tomas Plekanec is hit by Steven Reinprecht and loses puck.
17:54 of 3rd period - Shot by Tomas Plekanec.
17:54 of 3rd period - Stopped by Evgeni Nabokov with a rebound.
18:35 of 3rd period - Shot by Jonathan Cheechoo.
18:35 of 3rd period - Goal by Jonathan Cheechoo - Canucks : 3 - Sharks : 5.
18:35 of 3rd period - David Aebischer enters game.
18:36 of 3rd period - Joe Pavelski wins face-off versus Nik Antropov in neutral zone.
18:58 of 3rd period - Colby Armstrong is hit by Anders Eriksson and loses puck.
19:06 of 3rd period - Icing by Ron Hainsey.
19:07 of 3rd period - Joe Pavelski wins face-off versus Pavel Datsyuk in Canucks zone.
19:11 of 3rd period - Anders Eriksson is hit by Kyle Mclaren and loses puck.
19:39 of 3rd period - Minor Penalty to Dustin Brown for Hooking.
19:40 of 3rd period - Pavel Datsyuk wins face-off versus Stephen Weiss in Canucks zone.


Output by the SimonT Hockey Simulator (STHS) for Stephane Roy -- Original Page W3C XHTML 1.0 Valid